 Dungeon Crawl Stone Soup version 0.31-a0-466-g98c9adc2b6 (webtiles) character file.

Game seed: 12301994068859791991

60 Zonian the Ruffian (level 4, 29/29 HPs)
             Began as an Octopode Shapeshifter on Aug 5, 2023.
             Was a Follower of Sif Muna.
             Quit the game on level 2 of the Dungeon.
             The game lasted 00:03:21 (1884 turns).

Zonian the Ruffian (Octopode Shapeshifter)          Turns: 1884, Time: 00:03:21

Health: 29/29      AC:  1    Str: 19    XL:     4   Next: 6%
Magic:  4/4        EV: 13    Int: 13    God:    Sif Muna [*.....]
Gold:   73         SH:  0    Dex:  8    Spells: 3/3 levels left

rFire   . .          .
                       - Unarmed
rCold   . . .        (no shield)
rNeg    . . .        (helmet currently unavailable)
rPois   .            (no amulet)
rElec   .            (no ring)
rCorr   .            (no ring)
SInv    .            (no ring)
Will    .....        (no ring)
Stlth   ++           (no ring)
HPRegen 0.24/turn    (no ring)
MPRegen 0.09/turn    (no ring)
                     (no ring)

%: no passive effects
@: beast-form
A: beast (slay +2), almost no armour, amphibious, 8 rings, camouflage 1,
gelatinous body 1, (nimble swimmer 1), tentacles, clever 1, clumsy 1, strong 1
a: Begin Untransformation, Renounce Religion, Channel Magic


You were on level 2 of the Dungeon.
You worshipped Sif Muna.
Sif Muna was aware of your devotion.
You were a hulking beast.
You visited 1 branch of the dungeon, and saw 2 of its levels.

You collected 73 gold pieces.

Inventory:

Missiles
 i - a throwing net
 k - 7 poisoned darts
Jewellery
 d - an amulet of faith
 e - a +4 ring of protection
Talismans
 b - a beast talisman (active)
Scrolls
 c - a scroll of fog {unknown}
 f - a scroll of enchant armour {unknown}
 h - 2 scrolls of fear {unknown}
 j - a scroll of immolation {unknown}
 m - a scroll of teleportation {unknown}
 n - a scroll of identify
Potions
 a - 3 potions of lignification
 g - a potion of brilliance
 l - a potion of mutation


   Skills:
 + Level 2.0 Fighting
 + Level 2.7 Dodging
 + Level 3.4 Unarmed Combat
 + Level 3.3 Shapeshifting


You had 3 spell levels left.
You didn't know any spells.
Your spell library contained the following spells:

 Spells                   Type           Power      Damage    Failure   Level
 Summon Ice Beast         Ice/Summ       0%         N/A       97%         4
 Summon Mana Viper        Hex/Summ       0%         N/A       100%        5
 Monstrous Menagerie      Summ           0%         N/A       100%        7


Dungeon Overview and Level Annotations

Branches:
Dungeon (2/15)

Altars:
Sif Muna

Annotations:
D:2 Sigmund


Innate Abilities, Weirdness & Mutations

You are a hulking beast.
Your limbs bulge with bestial killing power. (Slay +2)
You cannot wear most types of armour.
You are amphibious.
You can wear up to eight rings at the same time.
Your skin changes colour to match your surroundings (Stealth+).
Your rubbery body absorbs attacks. (AC +1, EV +1)
((You are camouflaged when in or above water. (Stealth+)))
You have tentacles for arms and can constrict up to eight enemies at once.
Your mind is acute. (Int +4, Str/Dex -1)
You are clumsy. (Dex -2)
Your muscles are strong. (Str +4, Int/Dex -1)


Message History

Your squeeze misses the jackal.
You constrict the jackal, but do no damage.
The jackal closely misses you.
You completely miss the jackal.
You constrict the jackal, but do no damage.
The jackal closely misses you.
You tentacle-slap the jackal.
The jackal is almost dead.
You constrict the jackal.
You kill the jackal!
You have reached level 4!
You start resting.
HP restored.
You start waiting.
Done waiting.
Unknown command.
The jackal barks!
The jackal bites you.
You tentacle-slap the jackal but do no damage.
Your grab misses the jackal. The jackal barely misses you.
You tentacle-slap the jackal.
You kill the jackal!
You see here a jackal corpse.
Found 11 gold pieces.
You completely miss the jackal.
The jackal barks!
You grab the jackal. You squeeze the jackal.
The jackal is moderately wounded.
You constrict the jackal. The jackal barely misses you.
You tentacle-slap the jackal but do no damage.
The jackal is heavily wounded.
You constrict the jackal.
You kill the jackal!
No target in view!
There is a faded altar of an unknown god here.
This altar belongs to (a) Uskayaw, (b) Lugonu or (c) Sif Muna, but you can't tell which.
Press the corresponding letter to learn more about a god, or press enter to convert or escape to cancel.
Sif Muna accepts your prayer! Sif Muna welcomes you!
You can now call upon Sif Muna for magical energy.
Are you sure you want to abandon this character and quit the game? (Confirm with "yes".)

....†....# ....#
#..##......#. ######.####
.#.#.# #..........## #..#
#. . .>..###.##.##..###
#.##
#.#####.#..#........###
#.#
...#....#.####........
#.# ##........# #####.###
#####.# ##$.8.⌠.8..#
#....
......#####.........#
#####
#####.....#...⌠.h.⌠.#####
# #.###.#...........†.#
#.# .....8.⌠.8.###.# #.#
##.........# #.# #.#
#.......### #.#
##.#########.### #.#
#.......# #. #.####
#.#.###.# .. #^...#
#.#.###.# ... ####.#


There were no monsters in sight!

Vanquished Creatures
  A worm (D:2)
  4 dart slugs
  3 endoplasms
  3 giant cockroaches (D:1)
  5 hobgoblins
  7 jackals
  3 quokkas
  3 ball pythons
  5 bats
  3 goblins (D:1)
  4 kobolds
  4 rats
45 creatures vanquished.

Notes
Turn   | Place    | Note
-------+----------+-------------------------------------------
     0 | D:1      | Zonian the Octopode Shapeshifter began the quest for the
                  | Orb.
     0 | D:1      | Reached XP level 1. HP: 13/13 MP: 1/1
    63 | D:1      | Reached XP level 2. HP: 5/18 MP: 2/2
   684 | D:1      | Reached XP level 3. HP: 23/23 MP: 3/3
  1096 | D:2      | Noticed Sigmund
  1421 | D:2      | Gained mutation: Your mind is acute. (Int +4, Str/Dex -1)
                  | [potion of mutation]
  1421 | D:2      | Gained mutation: You are clumsy. (Dex -2) [potion of
                  | mutation]
  1421 | D:2      | Gained mutation: Your muscles are strong. (Str +4, Int/Dex
                  | -1) [potion of mutation]
  1738 | D:2      | Found a faded altar of an unknown god.
  1751 | D:2      | Reached XP level 4. HP: 28/29 MP: 4/4
  1883 | D:2      | Prayed at the altar of an unknown god.
  1883 | D:2      | Became a worshipper of Sif Muna the Loreminder
  1883 | D:2      | Reached * piety under Sif Muna
  1884 | D:2      | Quit the game

Illustrated notes

Levels and vault maps discovered:
D:1:      saegor_arrival_simple_a, layout_loops_cross, amethyst_killhole
D:2:      layout_loops_cross, hellmonk_ecumenical_altar_dog_temple, uniq_sigmund

Skill      XL: |  1  2  3 |
---------------+----------+-----
Fighting       | 2 |  2.0
Dodging        | |  2.7
Unarmed Combat | |  3.4
Shapeshifting  | |  3.3

Action                     |  1- 3 |  4- 6 || total
---------------------------+-------+-------++-------
  Melee: Unarmed           |    75 |     4 ||    79
         Constrict         |    23 |     1 ||    24
         Tentacles         |    14 |     1 ||    15
    Use: Scroll            |     2 |       ||     2
         Potion            |     1 |       ||     1
   Stab: Sleeping          |     7 |       ||     7
 Armour: Skin              |     4 |       ||     4
  Dodge: Dodged            |    46 |     2 ||    48

Table legend: (Time is in decaauts)
 A = Elapsed time spent in this place.
 B = Non-inter-level travel time spent in this place.
 C = Inter-level travel time spent in this place.
 D = Time resting spent in this place.
 E = Time spent auto-exploring this place.
 F = Levels seen in this place.
 G = Mean time per level.
                   A        B        C        D        E       F      G
               +--------+--------+--------+--------+--------+-----+--------+
         Total |   1879 |   1842 |     37 |    489 |    994 |   2 |  939.5 |
       Dungeon |   1879 |   1842 |     37 |    489 |    994 |   2 |  939.5 |
               +--------+--------+--------+--------+--------+-----+--------+

Top non-repeatable levels by time:
     D:1: 1167 daAuts
     D:2: 711 daAuts
